 Dungeon Crawl Stone Soup version 0.17-a0-1181-gabc46e6 (webtiles) character file.

94 leeuwarden the Shooter (level 4, -1/36 HPs)
             Began as a Centaur Hunter on May 31, 2015.
             Succumbed to an orc wizard's poison
             ... on level 2 of the Dungeon.
             The game lasted 00:14:28 (3175 turns).

leeuwarden the Shooter (Centaur Hunter)             Turns: 3175, Time: 00:14:28

Health: -1/36      AC:  4    Str: 19    XL:     4   Next: 38%
Magic:  4/4        EV:  9    Int: 10    God:
Gold:   97         SH:  0    Dex:  9    Spells: 0 memorised, 3 levels left

rFire  . . .     SeeInvis .       - Unarmed
rCold  . . .     Clarity  .     d - +0 leather armour
rNeg   + . .     SustAt   +     (no shield)
rPois  .         Gourm    .     (no helmet)
rElec  .         Spirit   .     (no cloak)
rCorr  .         Warding  +     (no gloves)
rMut   .         Stasis   .     (no barding)
MR     .....                    o - amulet of warding
Stlth  +.........               t - ring of sustain attributes
                                j - +3 ring of strength

@: lethally poisoned (-1 -> -28), very quick, not resistant to hostile
enchantments, very unstealthy
A: hooves 3, deformed body, speed 2, tough skin 3
a: no special abilities


You were on level 2 of the Dungeon.
You were not hungry.

You visited 1 branch of the dungeon, and saw 3 of its levels.

You collected 97 gold pieces.

Inventory:

Hand weapons
 a - a +0 short sword
 b - a +1 shortbow
Missiles
 c - 2 arrows
 q - 13 sling bullets
 u - 2 arrows of dispersal
Armour
 d - a +0 leather armour (worn)
Jewellery
 g - an uncursed ring of protection from fire
 j - a +3 ring of strength (left hand)
 o - an amulet of warding (around neck)
 t - a ring of sustain attributes (right hand)
Scrolls
 f - a scroll of recharging {unknown}
 i - 2 scrolls of identify
 n - a scroll of remove curse
 s - a scroll of immolation {unknown}
Potions
 m - a potion of invisibility
 p - 2 potions of curing {unknown}
Books
 r - a book of Death

   Spells                             Type                      Level
   a - Corpse Rot                     Necromancy                   2
   b - Sublimation of Blood           Necromancy                   2
   c - Agony                          Necromancy                   5
   d - Dispel Undead                  Necromancy                   5
   e - Excruciating Wounds            Charms/Necromancy            5
   f - Bolt of Draining               Conjuration/Necromancy       5
Comestibles
 e - 2 bread rations
 h - 2 fruits
 k - 2 chunks of flesh


   Skills:
 - Level 2.0 Fighting
 - Level 5.3 Bows
 - Level 1.3 Dodging
 - Level 0.5 Stealth
 * Level 4.1 Unarmed Combat


You had 3 spell levels left.
You didn't know any spells.

Dungeon Overview and Level Annotations

Branches:
Dungeon (3/15)

Altars:
Nemelex Xobeh

Annotations:
D:3 Charly's ghost, weakling HOSk


Innate Abilities, Weirdness & Mutations

You have hooves in place of feet.
Armour fits poorly on your strangely shaped body.
You cover ground very quickly.
You have extremely tough skin (AC +3).


Message History

You kick the orc wizard, but do no damage.
The orc wizard is severely wounded.
* * * LOW HITPOINT WARNING * * *
You feel sick.
The orc wizard hits you but does no damage.
You are more poisoned.
You barely miss the orc wizard. Your kick misses the orc wizard.
The orc wizard is severely wounded.
* * * LOW HITPOINT WARNING * * *
You feel sick. The orc wizard closely misses you.
You hit the orc wizard.
The orc wizard is almost dead.
* * * LOW HITPOINT WARNING * * *
You feel sick. The orc wizard barely misses you.
The orc wizard hits you with a dagger of venom.
* * * LOW HITPOINT WARNING * * *
You barely miss the orc wizard.
You kick the orc wizard, but do no damage.
The orc wizard is almost dead.
You die...

.....###.####.# #####
#.### ####.# #...##.# #.#
.###.#####.##.# #.#
.##...# #<##.# #.#
.##...####.##.# #.#
........##.##.# #.#
...........##.# #.#
........#####.###########
#.# .#....###
#..o@.......# #.# .#....#
###########.# #.# .#.#.##
#.# #.# .....# #.# #.# #
.....# #.# #.# #
....########### #.# #.# #
.#.###........# ##.## #.#
# ..........###.# #...#
#.# # ##.###.##.# #.#
###...####.# #


You could see an orc wizard.

Vanquished Creatures
  2 adders
  2 oozes
  A worm (D:2)
  3 orcs
  3 ball pythons
  5 bats
  7 goblins
  6 hobgoblins
  4 jackals (D:2)
  A quokka (D:2)
  3 giant cockroaches
  4 giant geckos
  5 giant newts
  5 kobolds
  9 rats
60 creatures vanquished.

Notes
Turn   | Place    | Note
--------------------------------------------------------------
     0 | D:1      | leeuwarden the Centaur Hunter began the quest for the Orb.
     0 | D:1      | Reached XP level 1. HP: 17/17 MP: 1/1
    27 | D:1      | Reached skill level 1 in Unarmed Combat
   186 | D:1      | Reached XP level 2. HP: 21/24 MP: 2/2
  1105 | D:2      | Found a sparkling altar of Nemelex Xobeh.
  1184 | D:2      | Reached XP level 3. HP: 20/29 MP: 3/3
  2303 | D:2      | Reached XP level 4. HP: 33/36 MP: 4/4
  2731 | D:3      | Noticed Charly's ghost (weakling HOSk)
  3174 | D:2      | HP: 1/36 [orc wizard/dagger of venom (3)]
  3175 | D:2      | Succumbed to an orc wizard's poison

Vault maps used:
D:1:      dpeg_arrival_rooms_b, dk_noncrumbling_3
D:2:      nemelex_deck
D:3:      lemuel_coloured_pillars_altar, uniq_iyjb

Action                   |  1- 3 |  4- 6 || total
-------------------------+-------+-------++-------
Melee: Unarmed           |   177 |    71 ||   248
 Fire: Shortbow          |       |    39 ||    39
  Use: Scroll            |     4 |     1 ||     5
       Potion            |     1 |     1 ||     2
  Eat: Chunk             |     3 |     3 ||     6
